 Dungeon Crawl Stone Soup version 0.28-a0-233-gb8ca4b6547 (webtiles) character file.

Game seed: 3450155864569148514

63285 Spaninq the Carver (level 15, -10/120 HPs)
             Began as a Human Abyssal Knight on Aug 22, 2021.
             Was a High Priest of Lugonu.
             Blown up by an orb spider (45 damage)
             ... with an orb of destruction
             ... on level 1 of the Spider Nest.
             The game lasted 01:08:44 (26231 turns).

Spaninq the Carver (Human Abyssal Knight)          Turns: 26231, Time: 01:08:44

Health: -10/120    AC: 34    Str: 17    XL:     15   Next: 49%
Magic:  17/23      EV:  9    Int:  9    God:    Lugonu [*****.]
Gold:   345        SH:  7    Dex: 20    Spells: 14/14 levels left

rFire   . . .      SeeInvis .   s - +7 Singing Sword {vorpal, sonic wave}
rCold   . . .      Faith    .   x - +0 buckler
rNeg    . . .      Spirit   .   o - +9 plate armour "Juwuveo" {rPois Int-5 Dex+7}
rPois   +          Reflect  .   q - +1 helmet
rElec   .          Harm     .   E - +2 cloak
rCorr   .          Rampage  .   G - +1 pair of gloves {archery}
Will    ++...                   f - +0 pair of boots
Stlth   ..........              (no amulet)
HPRegen 0.30/turn               p - ring of willpower
MPRegen 0.18/turn               h - +4 ring of slaying

@: no status effects
A: no striking features
a: Renounce Religion, Depart the Abyss, Bend Space, Banish, Corrupt, Enter the
Abyss


You were on level 1 of the Spider Nest.
You worshipped Lugonu.
Lugonu was extremely pleased with you.
You visited 6 branches of the dungeon, and saw 22 of its levels.
You visited the Abyss 1 time.
You also visited: Ice Cave.

You collected 1551 gold pieces.
You spent 1206 gold pieces at shops.

Inventory:

Hand Weapons
 a - a +9 scimitar of flaming
 s - the +7 Singing Sword (weapon) {vorpal, sonic wave}
   (You found it on level 5 of the Dungeon)

   It inflicts extra damage upon your enemies.
   It radiates damaging sonic waves as it strikes, especially in combat
   involving dangerous or numerous foes.
Missiles
 H - 2 throwing nets
Armour
 d - a +2 kite shield
 f - a +0 pair of boots (worn)
 o - the +9 plate armour "Juwuveo" (worn) {rPois Int-5 Dex+7}
   (You bought it in a shop on level 2 of the Orcish Mines)

   Int:       It affects your intelligence (-5).
   Dex:       It affects your dexterity (+7).
   rPois:     It protects you from poison.
 q - a +1 helmet (worn)
 x - a +0 buckler (worn)
 E - a +2 cloak (worn)
 F - a +3 plate armour of cold resistance
 G - a +1 pair of gloves of archery (worn)
Jewellery
 h - a +4 ring of slaying (right hand)
 p - a ring of willpower (left hand)
 y - a +6 ring of dexterity
 C - a ring of flight
 I - a ring of poison resistance
Wands
 j - a wand of acid (10)
 m - a wand of flame (31)
 t - a wand of polymorph (19)
 A - a wand of iceblast (17)
 B - a wand of paralysis (15)
 K - a wand of mindburst (13)
Scrolls
 e - 6 scrolls of teleportation
 g - 3 scrolls of amnesia
 l - a scroll of fear
 n - a scroll of magic mapping
 r - 3 scrolls of fog
 v - 2 scrolls of enchant weapon
 M - a scroll of summoning
Potions
 c - 2 potions of flight
 i - 3 potions of brilliance
 k - 5 potions of mutation
 u - 2 potions of might
 z - a potion of haste
 D - 7 potions of curing
 L - a potion of heal wounds
 N - a potion of cancellation
 O - a potion of ambrosia
Miscellaneous
 w - a lightning rod (4/4)
 J - a phial of floods


   Skills:
 + Level 11.7 Fighting
 * Level 14.4 Long Blades
 - Level 6.0 Axes
 + Level 11.5 Armour
 + Level 6.2 Dodging
 * Level 7.7 Shields
 - Level 10.7 Invocations


You had 14 spell levels left.
You didn't know any spells.
Your spell library contained the following spells:

 Spells                   Type           Power      Damage    Failure   Level
 Sublimation of Blood     Necr           0%         N/A       100%        2
 Inner Flame              Hex/Fire       0%         N/A       100%        3
 Portal Projectile        Hex/Tloc       0%         N/A       100%        3
 Tukima's Dance           Hex            0%         N/A       100%        3
 Cause Fear               Hex            0%         N/A       100%        4
 Passage of Golubria      Tloc           N/A        N/A       100%        4
 Petrify                  Tmut/Erth      0%         N/A       100%        4
 Alistair's Intoxication  Tmut/Pois      0%         N/A       100%        5
 Blade Hands              Tmut           0%         N/A       100%        5
 Borgnjor's Vile Clutch   Necr/Erth      0%         N/A       100%        5
 Excruciating Wounds      Necr           0%         N/A       100%        5
 Irradiate                Conj/Tmut      0%         3d13      100%        5
 Summon Forest            Summ/Tloc      0%         N/A       100%        5
 Summon Mana Viper        Hex/Summ       0%         N/A       100%        5
 Yara's Violent Unravell  Hex/Tmut       0%         3d3       100%        5
 Eringya's Noxious Bog    Tmut/Pois      0%         N/A       100%        6
 Shadow Creatures         Summ           N/A        N/A       100%        6
 Discord                  Hex            0%         N/A       100%        8


Dungeon Overview and Level Annotations

Branches:
Dungeon (12/15)            Temple (1/1) D:5            Lair (5/6) D:8
 Shoals (1/4) Lair:2       Spider (1/4) Lair:4          Orc (2/2) D:9
    Elf (0/3) Orc:2         IceCv (visited)
  Slime: Lair:5-6

Altars:
Ashenzari
Cheibriados
Dithmenos
Elyvilon
Fedhas
Gozag
Hepliaklqana
Kikubaaqudgha
Makhleb
Nemelex Xobeh
Okawaru
Qazlal
Ru
Sif Muna
Trog
Uskayaw
Vehumet
Wu Jian
Xom
Yredelemnul
Zin
The Shining One
Beogh

Shops:
D:4 !   D:8 (   D:9 [(   D:11 !   Orc:2 ?([[

Annotations:
D:6 3 runed translucent doors, RandomusNamus's ghost, novice DrBe; noodleboyJ's ghost, novice KoCK; ragingrage's ghost, weakling GrDe
Abyss:1 Frances; Harold


Message History

The orb spider, the wolf spider, the redback and the tarantella are blasted.
The orb spider is heavily wounded.
The wolf spider is severely wounded.
You kill the redback!
Lugonu accepts your kill.
You kill the tarantella!
Lugonu accepts your kill.
You kill the demonic crawler!
Lugonu accepts your kill.
You hear an angry hiss. x4
The wolf spider hits you but does no damage.
The wolf spider barely misses you.
You slash the wolf spider!
The wolf spider is almost dead.
The jumping spider leaps!
The orb spider weaves a glowing orb of energy.
You block the wolf spider's attack. x2
An orb of destruction comes into view.
You slash the wolf spider!
The Singing Sword sings a quivering drawn-out note.
You send a blast of sound all around you.
The orb of destruction, the orb spider and the jumping spider are blasted.
The orb spider is severely wounded.
The jumping spider is heavily wounded.
You kill the wolf spider!
Lugonu accepts your kill. The jumping spider pounces on you.
* * * LOW HITPOINT WARNING * * *
You are caught in a web!
The jumping spider bites you but does no damage.
The jumping spider pounces on you but does no damage.
The jumping spider bites you but does no damage.
The jumping spider pounces on you but does no damage.
You block the jumping spider's attack.
A tarantella comes into view.
The tarantella hisses angrily.
The jumping spider pounces on you but does no damage.
The jumping spider bites you but does no damage.
The orb of destruction hits you!!!
You die...

.......†........
.. #....††s†....
...#..†.##s.....
..........°....
......†...○....
...^.#†.^.○##..
.....#.†#○##
##.. #..†○####
#^^ #.§§@†..# #.
#..s†...#
#.....###
#≈##..# ## ####


You could see an orb spider, a jumping spider and a tarantella.

Vanquished Creatures
  Jorgrun (Orc:1)
  2 orc warlords
  An ettin (Orc:2)
  4 hydras
  Erolcha (Orc:1)
  2 boulder beetles
  A catoblepas (Lair:5)
  3 two-headed ogres
  A death knight (D:12)
  3 orc high priests (Orc:2)
  Nergalle (Lair:3)
  A skeletal warrior (D:12)
  3 orc knights (Orc:2)
  Pikel (D:7)
  5 wolf spiders
  5 orc sorcerers (Orc:2)
  An ugly thing (D:12)
  3 manticores
  A cyclops (D:12)
  3 merfolk sirens (Lair:2)
  6 elephants (Lair:2)
  A black mamba (Lair:2)
  3 ice statues
  9 cane toads
  A torpor snail (Spider:1)
  6 komodo dragons
  4 demonic crawlers (Spider:1)
  2 freezing wraiths (D:12)
  2 ice devils
  3 trolls
  6 polar bears
  A merfolk (Lair:2)
  2 jumping spiders (Spider:1)
  7 blink frogs
  A shadow (D:9)
  10 redbacks
  8 tarantellas (Spider:1)
  35 yaks
  2 wraiths
  4 wyverns
  A basilisk (Lair:5)
  A steam dragon (D:6)
  A death yak simulacrum (Lair:3)
  6 wargs
  2 acid dragons (D:11)
  15 water moccasins
  28 orc warriors
  A sky beast (D:5)
  2 necrophages
  An ice beast (D:7)
  6 black bears
  5 centaurs
  8 ogres
  A kobold brigand (D:6)
  Blork the orc (D:4)
  13 bullfrogs
  2 wyvern zombies (D:7)
  4 scorpions
  A gnoll sergeant (D:7)
  3 two-headed ogre simulacra (IceCv)
  8 killer bees
  A howler monkey (D:5)
  An electric eel (D:10)
  A bullfrog zombie (D:5)
  2 centaur zombies
  A centaur skeleton (D:6)
  A gnoll shaman (D:9)
  13 orc priests
  4 hounds
  2 jellies
  Ijyb (D:4)
  4 hell rats (Lair:1)
  21 orc wizards
  A polar bear simulacrum (IceCv)
  2 spriggan simulacra (IceCv)
  2 wolf simulacra
  A hound skeleton (D:5)
  A howler monkey skeleton (D:7)
  12 gnolls
  2 naga simulacra (IceCv)
  9 adders
  A shadow imp (D:5)
  A white imp (IceCv)
  3 ufetubi
  An adder zombie (D:5)
  A worm (D:3)
  2 dart slugs (D:1)
  54 orcs
  7 ball pythons
  5 endoplasms
  7 giant cockroaches
  9 goblins
  7 hobgoblins
  9 jackals
  7 kobolds
  15 bats
  7 frilled lizards
  7 rats
491 creatures vanquished.

Vanquished Creatures (others)
  An ufetubus (IceCv)
  2 orcs (Orc:2)
  40 fungi
  54 plants
97 creatures vanquished.

Grand Total: 588 creatures vanquished

Notes
Turn   | Place    | Note
-------+----------+-------------------------------------------
     0 | Abyss:1  | Spaninq the Human Abyssal Knight began the quest for the
                  | Orb.
     0 | Abyss:1  | Reached XP level 1. HP: 18/18 MP: 2/2
    45 | D:1      | Escaped the Abyss
   300 | D:1      | Reached XP level 2. HP: 20/24 MP: 3/3
   829 | D:1      | Reached XP level 3. HP: 29/29 MP: 4/4
  1193 | D:2      | You fall into a shaft and drop 1 floor!
  1312 | D:2      | Reached ** piety under Lugonu
  1468 | D:2      | Reached XP level 4. HP: 34/35 MP: 5/5
  2582 | D:3      | Noticed a bullfrog
  2593 | D:3      | Killed a bullfrog
  2594 | D:3      | Reached XP level 5. HP: 12/42 MP: 7/7
  3755 | D:4      | Reached XP level 6. HP: 31/48 MP: 8/8
  4213 | D:4      | You fall into a shaft and drop 1 floor!
  4213 | D:5      | Entered Level 5 of the Dungeon
  4249 | D:5      | Reached XP level 7. HP: 46/54 MP: 9/9
  4493 | D:5      | Reached skill level 5 in Axes
  4496 | D:5      | Reached *** piety under Lugonu
  4820 | D:5      | Reached XP level 8. HP: 19/61 MP: 11/11
  5357 | D:4      | Found Qiehat's Distillery.
  5540 | D:4      | Reached skill level 1 in Shields
  5739 | D:4      | Noticed Blork the orc
  5749 | D:4      | Killed Blork the orc
  5982 | D:4      | Noticed Ijyb
  6008 | D:4      | Killed Ijyb
  6138 | D:5      | Found a staircase to the Ecumenical Temple.
  6153 | Temple   | Entered the Ecumenical Temple
  6246 | D:5      | Reached skill level 5 in Fighting
  6563 | D:5      | Found the +7 Singing Sword {vorpal, sonic wave}
  6914 | D:6      | Reached skill level 1 in Long Blades
  6994 | D:6      | Reached skill level 5 in Invocations
  7228 | D:6      | Found a runed translucent gate.
  7228 | D:6      | Found a runed translucent gate.
  7229 | D:6      | Found a runed translucent gate.
  7230 | D:6      | Noticed RandomusNamus's ghost (novice DrBe)
  7230 | D:6      | Noticed ragingrage's ghost (weakling GrDe)
  7230 | D:6      | Noticed noodleboyJ's ghost (novice KoCK)
  7310 | D:6      | Reached skill level 2 in Long Blades
  7310 | D:6      | Reached XP level 9. HP: 17/68 MP: 12/12
  7852 | D:6      | Reached skill level 5 in Armour
  8451 | D:7      | Reached skill level 3 in Long Blades
  8492 | D:7      | Noticed Pikel
  8512 | D:7      | Killed Pikel
  8513 | D:7      | Reached skill level 4 in Long Blades
  8517 | D:7      | Noticed a troll
  8535 | D:7      | Killed a troll
  8710 | D:6      | Reached skill level 5 in Long Blades
  8710 | D:6      | Reached XP level 10. HP: 71/76 MP: 14/14
  8732 | D:7      | Noticed a manticore
  8845 | D:7      | Reached **** piety under Lugonu
  8871 | D:7      | Killed a manticore
  8938 | D:7      | Reached skill level 6 in Long Blades
  9355 | D:8      | Found a shimmering blue altar of Sif Muna.
  9494 | D:8      | Found a staircase to the Lair.
 10074 | D:8      | Found Leimayfa's Hydra Hut.
 10075 | D:8      | Noticed a five-headed hydra
 10367 | D:8      | Reached skill level 7 in Long Blades
 10537 | D:9      | Found Tousog's Weapon Emporium.
 10537 | D:9      | Found a staircase to the Orcish Mines.
 10539 | D:9      | Noticed a komodo dragon
 10549 | D:8      | Killed a komodo dragon
 11069 | D:8      | Reached XP level 11. HP: 83/84 MP: 16/16
 11314 | D:9      | Found Ysairessurch's Armour Emporium.
 11333 | D:9      | Bought a +1 helmet for 149 gold pieces
 11345 | D:9      | Noticed a two-headed ogre
 11351 | D:9      | Killed a two-headed ogre
 11352 | D:9      | Reached skill level 8 in Long Blades
 11803 | Lair:1   | Entered Level 1 of the Lair of Beasts
 12146 | Lair:1   | Reached ***** piety under Lugonu
 12151 | Lair:1   | Reached skill level 9 in Long Blades
 13107 | Lair:2   | Noticed an elephant
 13107 | Lair:2   | Noticed an elephant
 13107 | Lair:2   | Noticed an elephant
 13107 | Lair:2   | Noticed an elephant
 13107 | Lair:2   | Noticed an elephant
 13107 | Lair:2   | Noticed an elephant
 13116 | Lair:2   | Killed an elephant
 13121 | Lair:2   | Killed an elephant
 13121 | Lair:2   | Killed an elephant
 13121 | Lair:2   | Killed an elephant
 13122 | Lair:2   | Reached XP level 12. HP: 88/94 MP: 18/18
 13151 | Lair:2   | Reached skill level 10 in Long Blades
 13321 | Lair:2   | Noticed a boulder beetle
 13889 | Lair:2   | Killed a boulder beetle
 13952 | Lair:2   | Noticed a five-headed hydra
 13960 | Lair:2   | Killed a one-headed hydra
 14099 | Lair:2   | Found a staircase to the Shoals.
 14410 | Lair:3   | Found a frozen archway.
 14545 | IceCv    | Entered an ice cave
 14592 | IceCv    | Reached skill level 11 in Long Blades
 15203 | IceCv    | Reached skill level 10 in Invocations
 15713 | Lair:3   | Noticed Nergalle
 15733 | Lair:3   | Noticed a five-headed hydra
 15734 | Lair:3   | Noticed an eight-headed hydra
 15747 | Lair:3   | Killed a one-headed hydra
 15748 | Lair:3   | Reached XP level 13. HP: 93/101 MP: 20/20
 15756 | Lair:3   | Killed a two-headed hydra
 16157 | Lair:3   | Killed Nergalle
 16869 | Lair:3   | Reached skill level 10 in Fighting
 16906 | Lair:3   | Reached skill level 12 in Long Blades
 17947 | Lair:4   | Reached skill level 10 in Armour
 18385 | Lair:4   | Found a hole to the Spider Nest.
 18686 | Lair:5   | Noticed a catoblepas
 18965 | Lair:5   | Killed a catoblepas
 20097 | Orc:1    | Entered Level 1 of the Orcish Mines
 20099 | Orc:1    | Noticed Jorgrun
 20111 | Orc:1    | Killed Jorgrun
 20355 | Orc:2    | Entered Level 2 of the Orcish Mines
 20380 | Orc:2    | Noticed an ettin
 20692 | Orc:2    | Killed an ettin
 20693 | Orc:2    | Reached XP level 14. HP: 20/111 MP: 22/22
 20694 | Orc:2    | Reached ****** piety under Lugonu
 21132 | Orc:2    | Found a staircase to the Elven Halls.
 21152 | Orc:1    | Noticed Erolcha
 21152 | Orc:1    | Noticed an orc warlord
 21167 | Orc:1    | Killed Erolcha
 21168 | Orc:1    | Reached skill level 13 in Long Blades
 21169 | Orc:1    | Killed an orc warlord
 21183 | Orc:1    | Noticed Harold
 21188 | Orc:1    | Banished Harold
 21835 | Orc:2    | Noticed an orc warlord
 21850 | Orc:2    | Killed an orc warlord
 21926 | Orc:2    | HP: 1/110 [sixfirhy[an orc sorcerer] (12)]
 22490 | Orc:2    | Reached skill level 5 in Shields
 22569 | Orc:2    | Paralysed by an orc sorcerer for 5 turns
 22790 | Orc:2    | Found Emienly's Weapon Shoppe.
 23067 | Orc:2    | Found Reysop's Armour Shop.
 23072 | Orc:2    | Found Puryf's Antique Armour Shop.
 23074 | Orc:2    | Found Cuirurot's Magic Scroll Shoppe.
 23342 | Orc:2    | Reached skill level 5 in Dodging
 23490 | Orc:2    | Bought the +9 plate armour "Juwuveo" {rPois Int-5 Dex+7}
                  | for 917 gold pieces
 23569 | D:10     | Entered Level 10 of the Dungeon
 23885 | D:10     | Identified the ring "Areotsaa" {Wiz Str+5 Slay-6}
 23888 | D:10     | Identified the +1 scythe "Ovvesk" {vorpal, rElec rF- rC-
                  | Will+++}
 24377 | D:11     | Found Ogagor's Distillery.
 24392 | D:11     | Bought a potion of heal wounds for 50 gold pieces
 24392 | D:11     | Bought a potion of curing for 30 gold pieces
 24392 | D:11     | Bought a potion of curing for 30 gold pieces
 24392 | D:11     | Bought a potion of curing for 30 gold pieces
 25373 | D:12     | Reached XP level 15. HP: 107/119 MP: 23/23
 25391 | D:12     | Reached skill level 14 in Long Blades
 25912 | Shoals:1 | Entered Level 1 of the Shoals
 25988 | Spider:1 | Entered Level 1 of the Spider Nest
 26008 | Spider:1 | Noticed Frances
 26216 | Spider:1 | Banished Frances
 26222 | Spider:1 | Noticed an emperor scorpion
 26226 | Spider:1 | Banished an emperor scorpion
 26231 | Spider:1 | Blown up by an orb spider

Illustrated notes

Levels and vault maps discovered:
D:1:      matt_arrival_diagonals, layout_basic, minmay_misc_feat_chi,
          minmay_misc_feat_enclosed
D:2:      layout_basic, minmay_misc_feat_five
D:3:      layout_basic, chequers_arboretum, minmay_checkerbox
D:4:      kennysheep_goblin_castle, layout_gridville, serial_shops,
          nicolae_shop_competitors_out_of_business, uniq_blork_the_orc
D:5:      old_forge, layout_basic, minmay_temple_entry_stoned_glass
D:6:      layout_loops_ring, gammafunk_ghost_cemetery, hangedman_decor_riveting
D:7:      layout_rooms, uniq_pikel
D:8:      layout_basic, mainiacjoe_overflow_tiny_flanked,
          erik_lair_orcish_takeover, doesnt_shop_hydraphobe
D:9:      layout_gridville, orc_david_3, skrybe_limestone_x
D:10:     statuecave_lemuel, layout_small_grid
D:11:     minmay_evil_eye, layout_irregular_city, serial_shops,
          nicolae_diamond_shop
D:12:     layout_loops_ring, minmay_more_statues
Temple:   dpeg_three_leaves_temple
Lair:1:   layout_small_grid, grunt_megastairs_4
Lair:2:   layout_gridlike, elwin_shoals_entry_stream, serial_bayou_shore_b,
          infiniplex_staircase_pool_2
Lair:3:   layout_cave_pods, portal_ice_cave_entry_ice_simulacra,
          cheibrodos_lair_lostbears, uniq_nergalle
Lair:4:   layout_roguey, spider_nest_entry_webs
Lair:5:   layout_loops_ring, serial_bayou_shore_b
Shoals:1: layout_shoals, nicolae_shoals_square_sea_wall
Spider:1: layout_spider_delve, nicolae_spider_scorpion_nest, uniq_frances,
          uniq_asterion
Orc:1:    layout_caves, basic_altar, uniq_jorgrun, uniq_erolcha, uniq_harold
Orc:2:    st_orc_elflike, layout_caves

Skill      XL: |  1  2  3  4  5  6  7  8  9 10 11 12 13 14 15 |
---------------+----------------------------------------------+-----
Axes           | 3 4 5 6 |  6.0
Armour         | 3 4 5 7 8 9 10 11 | 11.5
Invocations    | 3 4 5 6 7 8 10 | 10.7
Fighting       | 4 5 6 7 8 9 10 11 | 11.7
Shields        | 3 4 6 7 |  7.7
Long Blades    | 2 5 7 9 11 12 13 14 | 14.4
Dodging        | 3 5 6 |  6.2

Action                   |  1- 3 |  4- 6 |  7- 9 | 10-12 | 13-15 || total
-------------------------+-------+-------+-------+-------+-------++-------
Melee: Hand axe          |   112 |    79 |       |       |       ||   191
       Scimitar          |       |    27 |    11 |    70 |   157 ||   265
       Whip              |       |    31 |   213 |       |       ||   244
       Unarmed           |       |       |    15 |       |       ||    15
       Double sword      |       |       |    24 |   235 |   313 ||   572
Invok: Bend Space        |       |     1 |       |       |       ||     1
       Banish            |       |       |       |       |    10 ||    10
Evoke: Wand              |       |       |       |       |     1 ||     1
  Use: Potion            |       |       |     2 |     4 |     5 ||    11
       Scroll            |       |       |       |    22 |     7 ||    29
Armor: Leather armour    |     9 |       |       |       |       ||     9
       Scale mail        |    40 |    80 |    32 |       |       ||   152
       Skin              |       |       |    16 |       |       ||    16
       Chain mail        |       |       |    92 |    71 |       ||   163
       Plate armour      |       |       |       |   137 |   332 ||   469
Dodge: Dodged            |    67 |    55 |    77 |    79 |   155 ||   433
Block: Buckler           |       |       |    51 |    63 |   121 ||   235
       Rpst.: Scimitar   |       |     2 |     3 |     4 |    11 ||    20
       Double sword      |       |       |       |     8 |    25 ||    33

Table legend: (Time is in decaauts)
 A = Elapsed time spent in this place.
 B = Non-inter-level travel time spent in this place.
 C = Inter-level travel time spent in this place.
 D = Time resting spent in this place.
 E = Time spent auto-exploring this place.
 F = Levels seen in this place.
 G = Mean time per level.
                   A        B        C        D        E       F      G
               +--------+--------+--------+--------+--------+-----+--------+
         Total |  26194 |  25294 |    900 |   7856 |  13160 |  24 | 1091.4 |
       Dungeon |  14040 |  13598 |    442 |   2740 |   8489 |  12 | 1170.0 |
        Temple |     79 |     65 |     14 |      0 |     55 |   1 |   79.0 |
          Lair |   7765 |   7442 |    323 |   2659 |   3732 |   5 | 1553.0 |
        Shoals |      1 |      1 |      0 |      0 |      0 |   1 |    1.0 |
   Spider Nest |     48 |     48 |      0 |      0 |      2 |   1 |   48.0 |
  Orcish Mines |   3411 |   3292 |    119 |   1789 |    856 |   2 | 1705.5 |
         Abyss |     45 |     45 |      0 |      0 |     14 |   1 |   45.0 |
      Ice Cave |    802 |    802 |      0 |    666 |     11 |   1 |  802.0 |
               +--------+--------+--------+--------+--------+-----+--------+

Top non-repeatable levels by time:
  Lair:2: 2215 daAuts
     D:8: 1991 daAuts
   Orc:2: 1954 daAuts
     D:6: 1906 daAuts
  Lair:3: 1893 daAuts
     D:5: 1612 daAuts
     D:4: 1515 daAuts
    D:11: 1475 daAuts
  Lair:4: 1471 daAuts
   Orc:1: 1457 daAuts
     D:2: 1423 daAuts
     D:3: 1287 daAuts
  Lair:1: 1177 daAuts
  Lair:5: 1008 daAuts
     D:1: 951 daAuts
